 Dungeon Crawl Stone Soup version 0.30-a0-134-gb40fab5c76 (webtiles) character file.

Game seed: 5160747382945715165

10 ytrimaz the Chopper (level 2, 23/23 HPs)
             Began as a Demonspawn Gladiator on Sept 19, 2022.
             Quit the game on level 1 of the Dungeon.
             The game lasted 00:00:21 (362 turns).

ytrimaz the Chopper (Demonspawn Gladiator)           Turns: 362, Time: 00:00:22

Health: 23/23      AC:  4    Str: 14    XL:     2   Next: 10%
Magic:  2/2        EV: 12    Int:  9    God:
Gold:   31         SH:  0    Dex: 16    Spells: 1/1 levels left

rFire   . . .      SeeInvis .    a - +0 war axe
rCold   . . .      Faith    .    (no shield)
rNeg    . . .      Spirit   .    b - +0 leather armour
rPois   .          Reflect  .    c - +0 helmet
rElec   .          Harm     .    (no cloak)
rCorr   .          Rampage  .    (no gloves)
Will    .....                    (no boots)
Stlth   ++........               (no amulet)
HPRegen 0.07/turn                (no ring)
MPRegen 0.08/turn                (no ring)

@: no status effects
A: thin skeletal structure 1
a: no special abilities


You were on level 1 of the Dungeon.
You visited 1 branch of the dungeon, and saw 1 of its levels.

You collected 31 gold pieces.


Innate Abilities, Weirdness & Mutations

You have a somewhat thin skeletal structure. (Dex +2, Stealth+)


   Skills:
 * Level 2.6 Fighting
 + Level 2.9 Axes
 - Level 1.7 Throwing
 - Level 2.6 Dodging


You had one spell level left.
You didn't know any spells.
Your spell library was empty.

Inventory:

Hand Weapons
 a - a +0 war axe (weapon)
Missiles
 d - 3 throwing nets (quivered)
 e - a javelin
Armour
 b - a +0 leather armour (worn)
 c - a +0 helmet (worn)
Potions
 f - a potion of haste {unknown}

Dungeon Overview and Level Annotations

Branches:
Dungeon (1/15) Zot: 5630

Altars:

#####.......# #..## ####
#............# #..~♣♣♣♣♣~..
.............# #.~~≈♣♣≈♣~~#
#............# #.♣♣~~~~~♣♣#
###...##.....########.♣♣~~~~~♣♣#
..... #..............♣♣~~~~~≈♣#
...... #........).....♣≈~~~~~≈♣.
.....#................♣≈~~<~~≈♣.
... #####.##..@......♣♣~~~~~≈♣.
#.#.........$♣♣~~~~~♣♣.
#.#..........♣≈~~~~~≈♣.
..#.......##.♣♣~~~~~≈♣#
..........##.~~♣♣♣≈≈~~
.##........ ..~ ♣♣♣~.. #
#........#### ### #..>....##


There were no monsters in sight!


Message History

😕 HP[-2]
You take 2 damage, and now have 14/16 hp.
You completely miss the dart slug. The dart slug misses you.
You hit the dart slug.
You kill the dart slug!
You see here a dart slug corpse.
f - a murky pink potion 😎 HP[+2]
Your hp is fully restored (16).
A ball python comes into view.
Found a stone staircase leading down.
The ball python hisses angrily.
A ball python is nearby!
A ball python is nearby!
You slash the ball python!
You kill the ball python!
You see here a ball python corpse.
An endoplasm comes into view.
An endoplasm is nearby!
An endoplasm is nearby!
The endoplasm quivers.
You slash the endoplasm!
You kill the endoplasm!
Key pressed, stopping explore.
Unknown command.
You enter the shallow water.
Moving in this stuff is going to be slow.
A frilled lizard and a kobold come into view.
The kobold shouts!
A ball python comes into view.
There are monsters nearby!
There are monsters nearby!
The frilled lizard hisses angrily.
A dart slug comes into view.
The kobold misses you.
The ball python hisses angrily.
You slash the kobold!
You kill the kobold! 😎 HP[+1]
You now have 17 max hp (+1).
Your hp is fully restored (17).
Unknown command.
You closely miss the frilled lizard. The frilled lizard bites you.
The frilled lizard misses you. 😕 HP[-3]
You take 3 damage, and now have 14/17 hp.
You slash the frilled lizard!
You kill the frilled lizard!
You barely miss the ball python. The ball python closely misses you.
The ball python grabs you. The ball python constricts you.
The dart slug launches a dart at you. The slug dart hits you.
* * * LOW HITPOINT WARNING * * *
The ball python closely misses you. The ball python constricts you.
You are too injured to fight recklessly! 😨 HP[-7]
You take 7 damage, and now have 7/17 hp.
MASSIVE DAMAGE!! (PAUSE)
You are too injured to fight recklessly!
Unknown command.
You escape the ball python's grasp.
The dart slug launches a dart at you. The slug dart hits you.
* * * LOW HITPOINT WARNING * * *
Things that are here:
a +0 dagger; 5 stones; a kobold corpse; 😨 HP[-2]
You take 2 damage, and now have 5/17 hp.
The ball python completely misses you. The ball python misses you.
The ball python closely misses you. x2
Unknown command.
The dart slug launches a dart at you. The slug dart misses you.
You hit the dart slug. You hit the ball python.
You kill the ball python!
The dart slug launches a dart at you.
The slug dart misses you. 😨 HP[+1] Unknown command.
You slash the dart slug!
You kill the dart slug!
You have reached level 2!
Your demonic ancestry asserts itself...
Your bones become slightly less dense. 😨 HP[+2] MP[+1]
You now have 23 max hp (+6).
You regained 2 hp, and now have 8/23 hp.
Your mp is fully restored (2).
Unknown command.
Key pressed, stopping explore.
Key pressed, stopping explore.
Unknown command. 😮 HP[+5]
You regained 5 hp, and now have 13/23 hp.
You see here a dart slug corpse.
You now have 24 gold pieces (gained 10).
You now have 31 gold pieces (gained 7).
Found a stone staircase leading down. 😎 HP[+10]
Your hp is fully restored (23).
Are you sure you want to abandon this character and quit the game? (Confirm with "yes".)

Action                   || total
-------------------------++-------
Melee: War axe           ||    11
Dodge: Dodged            ||    12

Levels and vault maps discovered:
D:1:      reono_arrival_forest_river, layout_basic,
          hellmonk_ecumenical_altar_inner_sanctum

Notes
Turn   | Place    | Note
-------+----------+-------------------------------------------
     0 | D:1      | ytrimaz the Demonspawn Gladiator began the quest for the
                  | Orb.
     0 | D:1      | Reached XP level 1. HP: 16/16 MP: 1/1
     0 | D:1      | magus.rc [v1.9.6]
   134 | D:1      | Gained mutation: You have a somewhat thin skeletal
                  | structure. (Dex +2, Stealth+) [demonic ancestry]
   134 | D:1      | Reached XP level 2. HP: 8/23 MP: 2/2
   362 | D:1      | Quit the game

Vanquished Creatures
  2 dart slugs (D:1)
  An endoplasm (D:1)
  A kobold (D:1)
  2 ball pythons (D:1)
  A frilled lizard (D:1)
7 creatures vanquished.

Table legend:
 A = Non-vault XP
 B = Vault XP
 C = Vault XP percentage of total XP
 D = Non-vault monster count
 E = Vault monster count
 F = Vault count percentage of total count
                 A         B        C        D         E       F
            +---------+---------+-------+---------+---------+-------
      Total |      15 |       0 |   0.0 |       7 |       0 |   0.0
            +---------+---------+-------+---------+---------+-------
        D:1 |      15 |       0 |   0.0 |       7 |       0 |   0.0
            +---------+---------+-------+---------+---------+-------

Illustrated notes

Table legend:
 A = Kills in this place as a percentage of kills in entire the game.
 B = Kills by you in this place as a percentage of kills by you in the entire game.
 C = Kills by friends in this place as a percentage of kills by friends in the entire game.
 D = Other kills in this place as a percentage of other kills in the entire game.
 E = Experience gained in this place as a percentage of experience gained in the entire game.
 F = Experience gained in this place divided by the number of levels of this place that you have seen.
                   A       B       C       D       E      F
               +-------+-------+-------+-------+-------+----------------------
         Total | 100.0 | 100.0 |   N/A |   N/A | 100.0 |  15.0
       Dungeon | 100.0 | 100.0 |   N/A |   N/A | 100.0 |  15.0
               +-------+-------+-------+-------+-------+----------------------

Table legend: (Time is in decaauts)
 A = Elapsed time spent in this place.
 B = Non-inter-level travel time spent in this place.
 C = Inter-level travel time spent in this place.
 D = Time resting spent in this place.
 E = Time spent auto-exploring this place.
 F = Levels seen in this place.
 G = Mean time per level.
                   A        B        C        D        E       F      G
               +--------+--------+--------+--------+--------+-----+--------+
         Total |    369 |    369 |      0 |      0 |    328 |   1 |  369.0 |
       Dungeon |    369 |    369 |      0 |      0 |    328 |   1 |  369.0 |
               +--------+--------+--------+--------+--------+-----+--------+

Top non-repeatable levels by time:
     D:1: 369 daAuts
